 Dungeon Crawl Stone Soup version 0.25-a0-860-gf695395b5c (webtiles) character file.

Game seed: 8684129593609309584, levelgen mode: deterministic

79879 Lavandula the Fencer (level 15, -10/82 HPs)
             Began as a Vine Stalker Chaos Knight on Apr 27, 2020.
             Was a Plaything of Xom.
             Hit by a large rock thrown by Polyphemus (30 damage)
             ... on level 3 of the Shoals on Apr 28, 2020.
             The game lasted 01:28:01 (12185 turns).

Lavandula the Fencer (Vine Stalker Chaos Knight)   Turns: 12185, Time: 01:28:02

Health: -10/82     AC: 15    Str: 18    XL:     15   Next: 65%
Magic:  0/28       EV: 19    Int: 12    God:    Xom [...*..]
Gold:   154        SH:  6    Dex: 19    Spells: 20/30 levels left

rFire    . . .     SeeInvis +   z - +4 double sword (elec)
rCold    . . .     Gourm    .   p - +0 buckler
rNeg     . . .     Faith    .   T - +2 steam dragon scales
rPois    .         Spirit   +   (helmet restricted)
rElec    .         Reflect  .   a - +2 cloak {+Inv}
rCorr    .         Harm     .   (no gloves)
MR       +++..                  d - +0 pair of boots of Defiance {+Blink}
Stlth    ++........             m - amulet of magic regeneration
HPRegen  1.03/turn              i - +5 ring of slaying
MPRegen  0.46/turn              f - ring of the Komodo Dragon {MR++ Str+2 Slay+3 SInv}

@: stab, slightly contaminated
A: fangs 3, horns 1, rugged brown scales 1, thin metallic scales 1, mutation
resistance 1, regeneration 2, screaming 1, magic shield, antimagic bite, no
potion heal 3, rot immunity
a: Renounce Religion, Evoke Blink, Evoke Invisibility


You were on level 3 of the Shoals.
You worshipped Xom.
You were a favourite toy of Xom.
You were hungry.

You visited 4 branches of the dungeon, and saw 26 of its levels.
You also visited: Ossuary, Bailey and Volcano.

You collected 1569 gold pieces.
You spent 1415 gold pieces at shops.

Inventory:

Hand Weapons
 y - a +2 falchion of holy wrath
 z - a +4 double sword of electrocution (weapon)
 G - a +0 great sword of flaming
Missiles
 e - 32 javelins
 n - 7 atropa-tipped darts
 K - 3 throwing nets
 M - 5 curare-tipped darts (quivered)
Armour
 a - a +2 cloak of invisibility (worn)
 b - a +3 leather armour of positive energy
 d - the +0 pair of boots of Defiance (worn) {+Blink}
   (You bought it in a shop on level 4 of the Dungeon)

   It lets you blink.
 p - a +0 buckler (worn)
 q - a cursed +0 kite shield
 D - the +0 fire dragon scales "Locuf" {rF++ rC- Str+2}
   (You found it in a volcano)

   It affects your strength (+2).
   It greatly protects you from fire.
   It makes you vulnerable to cold.
 E - a +2 robe of fire resistance
 T - +2 steam dragon scales (worn)
 V - a +2 chain mail of fire resistance
 W - a +1 plate armour of fire resistance
Magical Staves
 l - an uncursed staff of air
Jewellery
 f - the ring of the Komodo Dragon (right hand) {MR++ Str+2 Slay+3 SInv}
   (You acquired it on level 12 of the Dungeon)

   [ring of strength]

   It affects your strength (+2).
   It affects your accuracy and damage with ranged weapons and melee attacks
   (+3).
   It affects your resistance to hostile enchantments.
   It lets you see invisible.
 i - a +5 ring of slaying (left hand)
 m - an amulet of magic regeneration (around neck)
 o - a +4 ring of intelligence
 v - an uncursed ring of see invisible
 w - the amulet of Janooj {Faith +Inv rPois rC+ Int+2}
   (You found it on level 6 of the Lair of Beasts)

   [amulet of faith]

   It allows you to gain divine favour quickly.
   It affects your intelligence (+2).
   It protects you from cold.
   It protects you from poison.
   It lets you turn invisible.
 P - a +4 ring of dexterity
 S - an uncursed amulet of harm
Wands
 t - a wand of paralysis (24)
 B - a wand of polymorph (17)
 O - a wand of disintegration (9)
 R - a wand of iceblast (29)
 U - a wand of enslavement (10)
Scrolls
 h - 2 scrolls of remove curse
 s - 4 scrolls of immolation
 C - a scroll of summoning {unknown}
 F - a scroll of teleportation
 I - 2 scrolls of amnesia
 N - a scroll of holy word
 Q - a scroll of magic mapping
 X - a scroll of torment
 Y - a scroll of fear
 Z - a scroll of fog
Potions
 g - a potion of ambrosia
 j - 9 potions of curing
 k - 4 potions of magic
 r - 3 potions of haste
 u - 2 potions of stabbing
 x - 6 potions of mutation
 A - a potion of flight
 J - 7 potions of might
 L - 4 potions of resistance
Comestibles
 c - 22 rations


   Skills:
 - Level 10.0 Fighting
 - Level 15.0 Long Blades
 - Level 6.5 Throwing
 - Level 5.6 Armour
 - Level 8.2 Dodging
 - Level 4.0 Shields
 - Level 8.2 Spellcasting
 - Level 1.0 Conjurations
 - Level 6.3 Translocations
 - Level 2.8 Air Magic
 - Level 2.5 Poison Magic
 + Level 6.5 Evocations


You had 20 spell levels left.
You knew the following spells:

 Your Spells              Type           Power        Failure   Level  Hunger
a - Blink                 Tloc           N/A          1%          2    #......
b - Mephitic Cloud        Conj/Pois/Air  ##......     19%         3    ##.....
c - Irradiate             Conj/Tmut      #.........   97%         5    ######.

Your spell library contained the following spells:

 Spells                   Type           Power        Failure   Level  Hunger
 Gell's Gravitas          Tloc           ###.......   3%          3    ##.....
 Magic Dart               Conj           #...         10%         1    None
 Foxfire                  Conj/Fire      #...         12%         1    None
 Call Imp                 Summ           #.......     22%         2    #......
 Slow                     Hex            #.......     22%         2    #......
 Conjure Flame            Conj/Fire      #.......     34%         3    ##.....
 Confusing Touch          Hex            #.......     41%         3    ##.....
 Inner Flame              Hex/Fire       #.......     41%         3    ##.....
 Sticky Flame             Conj/Fire      #.......     75%         4    ####...
 Petrify                  Tmut/Erth      #.......     82%         4    ####...
 Fireball                 Conj/Fire      #.........   97%         5    ######.
 Metabolic Englaciation   Hex/Ice        #.........   99%         5    ######.
 Yara's Violent Unravell  Hex/Tmut       #.........   99%         5    ######.
 Hydra Form               Tmut           #.........   100%        6    #######
 Statue Form              Tmut/Erth      #........    100%        6    #######
 Dragon Form              Tmut           #.........   100%        7    #######


Dungeon Overview and Level Annotations

Branches:
Dungeon (15/15)            Temple (0/1) D:4            Lair (6/6) D:8
 Shoals (2/4) Lair:4       Spider (0/4) Lair:3        Slime (0/5) Lair:5
    Orc (2/2) D:9         Ossuary (visited)          Bailey (visited)
Volcano (visited)
    Elf: Orc:2       Vaults: D:13-14     Depths: D:15

Altars:
Ashenzari
Dithmenos
Kikubaaqudgha
Nemelex Xobeh
Ru
Sif Muna
Trog
Xom
Beogh

Shops:
D:4 [   D:8 (   D:10 (   Orc:2 [*!!*

Annotations:
D:9 erolcha!, Erolcha
Lair:4 Shoals
Lair:5 Esekla's ghost, journeyman OpWr
Shoals:1 1 runed translucent door, Coet Xia's ghost, adept MiBe
Shoals:3 Louise; Polyphemus


Innate Abilities, Weirdness & Mutations

You have razor-sharp teeth.
You heal very quickly.
When hurt, damage is shared between your health and your magic reserves.
Your bite disrupts and absorbs the magic of your enemies.
Potions cannot restore your health.
You are immune to rotting.
You have a pair of small horns on your head.
You are partially covered in rugged brown scales. (AC +1, +3% HP)
You are partially covered in thin metallic scales. (AC +2)
You are somewhat resistant to further mutation.
You occasionally shout uncontrollably at your foes.


Message History

You headbutt the merfolk, but do no damage.
You bite the merfolk.
You kill the merfolk!
The merfolk throws a boomerang of dispersal.
The boomerang of dispersal closely misses you.
Unknown command.
You start resting.
Polyphemus is too close now for your liking.
Polyphemus hits you!! Polyphemus hits you.
Items here: $ ))) [ the +6 morningstar of Kenit {protect, rN+} 22 gold pieces; a +3 trident of freezing; a cursed +0 robe; a +3 trident You hit Polyphemus but do no damage.
You block Polyphemus's attack. Polyphemus hits you!!
* * * LOW HITPOINT WARNING * * *
The faun shoots a stone.
The stone hits you but does no damage.
Unknown command.
Polyphemus throws a large rock.
The large rock hits you!!!
You die...
Xom snickers!

≈≈≈≈≈≈≈...###..≈≈≈≈≈≈≈
≈≈≈≈≈≈≈≈..###.≈≈≈≈≈≈≈≈
≈≈≈≈≈≈≈≈≈≈)..≈≈≈≈≈≈≈≈≈
≈≈≈≈≈≈≈≈≈≈..≈≈≈≈≈≈≈≈≈≈≈≈≈≈≈≈
≈≈≈≈≈≈≈≈≈≈≈≈≈≈≈≈≈≈≈≈≈≈≈≈≈≈≈≈
≈≈≈≈≈≈≈≈≈≈§§§§§§≈≈≈≈≈≈≈≈≈≈≈≈
≈≈≈≈≈≈≈≈≈§§§§C§≈≈≈≈≈≈≈≈≈≈≈≈≈
≈≈≈≈≈≈≈≈≈§§§§§§≈≈≈≈≈≈≈≈≈≈≈≈≈
≈≈≈≈≈≈§§@#.§§≈≈≈≈≈≈≈≈≈≈≈≈
≈≈≈≈≈≈§§§#§§≈≈≈≈≈≈≈≈≈≈.≈≈
≈≈≈≈≈§§§§§c≈≈≈≈≈≈≈≈...≈≈
≈≈≈≈≈≈≈≈≈≈≈≈≈≈≈≈≈..P..≈≈
≈≈≈≈≈≈≈≈≈≈m≈≈.≈≈≈..P##≈≈
≈≈≈≈≈≈≈≈≈≈≈≈≈....####P≈≈
≈≈≈≈≈≈≈≈≈≈≈≈....###.≈≈PP
≈≈≈≈≈≈≈≈≈≈≈≈.m..###≈PPP≈
≈≈≈≈≈≈≈≈≈..(......PPP≈


You could see Polyphemus.

Vanquished Creatures
  Ilsuiw (Shoals:3)
  A ghost moth (Lair:3)
  A stone giant (Orc:2)
  Snorg (D:10)
  A merfolk javelineer (Shoals:3)
  2 merfolk impalers
  Josephine (Orc:2)
  Harold (D:9)
  5 hydras
  4 catoblepae (Lair:6)
  2 centaur warriors
  3 two-headed ogres
  A dancing weapon (Volcano)
  Urug (D:10)
  9 death yaks
  An orc high priest (Orc:1)
  Nergalle (D:10)
  2 sea snakes
  An orc knight (Orc:2)
  5 wizards
  A lindwurm (Lair:6)
  4 harpies (Shoals:1)
  7 orc sorcerers (Orc:2)
  4 fauns
  A mana viper (Shoals:3)
  An ugly thing (D:12)
  6 deep elf magi (Orc:1)
  2 manticores (Lair:6)
  5 toenail golems (Volcano)
  2 cyclopes
  A black mamba (Lair:5)
  Joseph (D:9)
  A guardian serpent (Lair:3)
  3 elephants (Lair:3)
  2 merfolk sirens
  6 spiny frogs
  8 komodo dragons
  A rime drake (Lair:1)
  5 trolls
  3 wind drakes
  A hornet (D:12)
  2 polar bears
  4 hippogriffs
  8 merfolk
  2 snapping turtles (Shoals:1)
  4 blink frogs (Lair:6)
  10 dream sheep (Lair:6)
  3 shadows
  5 wraiths (Orc:2)
  41 yaks
  A vampire (D:12)
  Grum (D:10)
  Eustachio (D:5)
  4 fire bats (Orc:1)
  3 wyverns
  2 steam dragons
  2 hungry ghosts
  3 vampire mosquitoes (D:13)
  Menkaure (D:5)
  2 wargs
  2 acid dragons (D:14)
  9 water moccasins
  3 porcupines
  An eye of draining (shapeshifter) (D:5)
  24 orc warriors
  5 phantoms
  4 sky beasts
  4 ice beasts
  17 centaurs
  2 wolves (D:10)
  7 ogres
  11 crocodiles
  Blork the orc (D:5)
  2 elf zombies (Ossuary)
  7 bullfrogs
  6 scorpions
  A wyvern skeleton (D:8)
  7 wights (D:12)
  14 killer bees
  2 electric eels (Lair:4)
  6 howler monkeys
  4 crimson imps
  A human zombie (Ossuary)
  A lava snake (Orc:1)
  3 centaur zombies
  8 hounds
  3 jellies
  3 bullfrog skeletons
  11 orc priests
  2 centaur skeletons
  6 iguanas
  41 orc wizards
  11 worker ants
  A big kobold zombie (Ossuary)
  2 mummies (Ossuary)
  A howler monkey zombie (D:5)
  10 adders
  9 gnolls
  3 shadow imps
  An ooze (D:1)
  2 adder zombies
  5 adder skeletons
  A dart slug (D:1)
  3 leopard geckos (D:4)
  96 orcs
  5 giant cockroaches
  A goblin (D:1)
  5 hobgoblins
  2 jackals (D:4)
  4 quokkas
  2 ball pythons
  3 bats
  4 frilled lizards
  A goblin zombie (Ossuary)
  9 hobgoblin zombies (Ossuary)
  A jackal skeleton (D:4)
  A jackal zombie (Ossuary)
  4 kobolds
  12 kobold zombies (Ossuary)
  A leopard gecko zombie (D:7)
  8 orc zombies (Ossuary)
  A rat (D:1)
  A rat zombie (Ossuary)
  A fungus (Lair:1)
  4 plants
641 creatures vanquished.

Vanquished Creatures (collateral kills)
  An orc warlord (Orc:2)
  A merfolk (Shoals:3)
  A dream sheep (Lair:6)
  A warg (Orc:2)
  A water moccasin (Lair:6)
  2 orc warriors (Orc:2)
  A killer bee (D:9)
  A hound (D:9)
  3 orc wizards
  An orc priest (Orc:2)
  A gnoll (D:4)
  An adder skeleton (D:4)
  4 orcs
19 creatures vanquished.

Vanquished Creatures (others)
  A merfolk impaler (Shoals:2)
  An alligator snapping turtle (Shoals:1)
  A death yak (Lair:6)
  2 wizards
  A manticore (Shoals:1)
  A scorpion (D:5)
  An orc wizard (Orc:2)
  2 orcs
  3 fungi (Lair:6)
  13 plants
26 creatures vanquished.

Grand Total: 686 creatures vanquished

Notes
Turn   | Place    | Note
-------+----------+-------------------------------------------
     0 | D:1      | Lavandula the Vine Stalker Chaos Knight began the quest for
                  | the Orb.
     0 | D:1      | Reached XP level 1. HP: 11/11 MP: 2/2
   156 | D:1      | XOM: silly message
   158 | D:1      | Reached skill level 3 in Long Blades
   179 | D:1      | XOM: divination: detect items
   205 | D:1      | Reached XP level 2. HP: 11/16 MP: 3/3
   639 | D:1      | Reached XP level 3. HP: 19/19 MP: 4/4
   643 | D:1      | XOM: silly message
   646 | D:1      | wow
   701 | D:2      | Reached skill level 4 in Long Blades
   729 | D:2      | XOM: 9-stop teleportation journey
   749 | D:2      | XOM: noise
  1267 | D:3      | Gained mutation: Your natural rate of healing is unusually
                  | fast. [Vine Stalker growth]
  1267 | D:3      | Reached XP level 4. HP: 23/23 MP: 5/5
  1470 | D:4      | Reached skill level 5 in Long Blades
  1470 | D:4      | Reached XP level 5. HP: 26/27 MP: 6/6
  1497 | D:4      | XOM: summons 3 friendly demons
  1503 | D:4      | XOM: smoke on damage
  1534 | D:4      | Noticed an ogre
  1540 | D:4      | XOM: snakes to sticks
  1545 | D:4      | Killed an ogre
  1545 | D:4      | Reached skill level 6 in Long Blades
  1545 | D:4      | Reached XP level 6. HP: 32/32 MP: 7/7
  1593 | D:4      | XOM: blink monster(s)
  1608 | D:5      | Entered Level 5 of the Dungeon
  1748 | D:4      | Found Arin's Antique Armour Boutique.
  1808 | D:5      | Noticed Menkaure
  1810 | D:5      | XOM: confuse monster(s)
  1817 | D:5      | XOM: swap monsters
  1818 | D:5      | Killed Menkaure
  1820 | D:5      | Reached skill level 7 in Long Blades
  1820 | D:5      | Reached XP level 7. HP: 4/35 MP: 3/8
  1880 | D:5      | Noticed Eustachio
  1893 | D:5      | Killed Eustachio
  2052 | D:5      | Found a bloodstained altar of Trog.
  2053 | D:5      | Noticed a wizard
  2058 | D:5      | Killed a wizard
  2120 | D:5      | Noticed a shapeshifter
  2120 | D:5      | a howler monkey changed into a shapeshifter
  2120 | D:5      | XOM: polymorph howler monkey -> shapeshifter
  2120 | D:5      | Noticed a fire crab
  2120 | D:5      | a shapeshifter changed into a fire crab
  2122 | D:5      | Noticed a queen bee
  2122 | D:5      | a fire crab changed into a queen bee
  2126 | D:5      | a queen bee changed into an eye of draining
  2129 | D:5      | XOM: noise
  2139 | D:5      | Reached skill level 8 in Long Blades
  2187 | D:6      | XOM: torment (21/35 hp)
  2225 | D:5      | Gained mutation: You have razor-sharp teeth. [Vine Stalker
                  | growth]
  2225 | D:5      | Reached XP level 8. HP: 39/39 MP: 9/9
  2229 | D:5      | Noticed Blork the orc
  2242 | D:5      | Killed Blork the orc
  2450 | D:5      | Found a shimmering blue altar of Sif Muna.
  2500 | D:6      | Reached skill level 9 in Long Blades
  2719 | D:6      | Noticed an eight-headed hydra
  2739 | D:6      | XOM: fog
  2803 | D:7      | XOM: noise
  2809 | D:7      | Reached skill level 10 in Long Blades
  2882 | D:7      | Found a shattered altar of Ashenzari.
  2905 | D:7      | Found a sparkling altar of Nemelex Xobeh.
  2931 | D:7      | Reached XP level 9. HP: 36/43 MP: 10/10
  2943 | D:7      | Found a sacrificial altar of Ru.
  2947 | D:7      | Reached skill level 1 in Dodging
  2961 | D:7      | Found a shadowy altar of Dithmenos.
  2999 | D:7      | XOM: summons 3 hostile shadow creatures
  3000 | D:7      | Noticed a troll
  3075 | D:8      | Reached skill level 1 in Shields
  3142 | D:8      | Found a sand-covered staircase.
  3147 | Ossuary  | Entered an ossuary
  3347 | D:8      | Found an ancient bone altar of Kikubaaqudgha.
  3416 | D:8      | XOM: swap monsters
  3506 | D:8      | XOM: summons 4 hostile demons
  3507 | D:8      | Noticed a rust devil
  3540 | D:8      | Found Mew Orij's Antique Weapon Emporium.
  3617 | D:8      | Found a staircase to the Lair.
  3669 | D:8      | XOM: summons 1 hostile demon
  3671 | D:8      | XOM: 7-stop teleportation journey
  3675 | D:8      | XOM: enchant monster (good)
  3732 | D:8      | Reached skill level 5 in Dodging
  3745 | D:8      | Learned a level 2 spell: Blink
  3749 | D:8      | Learned a level 3 spell: Mephitic Cloud
  3764 | D:8      | Reached XP level 10. HP: 44/47 MP: 11/11
  3784 | D:8      | XOM: enchant monster (good)
  3963 | D:9      | Noticed Harold
  3964 | D:9      | XOM: destruction
  3965 | D:9      | XOM: confuse monster(s)
  3972 | D:9      | XOM: cast spell 'Summon Ice Beast'
  3979 | D:9      | Killed Harold
  4048 | D:9      | Found a staircase to the Orcish Mines.
  4054 | D:9      | Noticed Erolcha
  4072 | D:9      | XOM: swap monsters
  4114 | D:10     | Entered Level 10 of the Dungeon
  4119 | D:10     | Found Elop's Weapon Boutique.
  4127 | D:10     | Noticed a cyclops
  4133 | D:10     | Killed a cyclops
  4183 | D:10     | XOM: scenery: create altars
  4192 | D:10     | Found a flagged portal.
  4221 | Bailey   | Entered a bailey
  4227 | Bailey   | Gained mutation: You heal very quickly. [potion of
                  | mutation]
  4227 | Bailey   | Gained mutation: You have a pair of small horns on your
                  | head. [potion of mutation]
  4227 | Bailey   | Gained mutation: Your spells are a little harder to cast,
                  | but a little more powerful. [potion of mutation]
  4231 | Bailey   | XOM: polymorph orc -> ball python
  4249 | Bailey   | Reached skill level 1 in Conjurations
  4251 | Bailey   | Reached skill level 1 in Air Magic
  4434 | Bailey   | XOM: divination: detect creatures
  4462 | Bailey   | XOM: smoke on damage
  4494 | Bailey   | XOM: smoke on damage
  4579 | Bailey   | Reached skill level 1 in Poison Magic
  4603 | Bailey   | XOM: divine lightning
  4624 | Bailey   | XOM: blink monster(s)
  4626 | Bailey   | XOM: summons 3 hostile shadow creatures
  4745 | Bailey   | XOM: cleaving
  4769 | Bailey   | XOM: confuse monster(s)
  4770 | Bailey   | Reached XP level 11. HP: 43/51 MP: 7/12
  4797 | Bailey   | XOM: potion effect (stabbing)
  4986 | D:10     | Noticed Grum
  4987 | D:10     | Noticed Nergalle
  5000 | D:10     | XOM: potion effect (stabbing)
  5002 | D:10     | XOM: divination: magic mapping
  5014 | D:10     | XOM: divination: detect creatures
  5016 | D:10     | Killed Nergalle
  5016 | D:10     | Killed Grum
  5021 | D:10     | Reached skill level 5 in Armour
  5130 | D:10     | Noticed Urug
  5181 | D:10     | XOM: silly message
  5226 | D:10     | XOM: potion effect (berserk rage)
  5231 | D:10     | Killed Urug
  5297 | D:10     | Noticed Snorg
  5309 | D:10     | Killed Snorg
  5392 | D:10     | Reached skill level 11 in Long Blades
  5485 | D:11     | XOM: silly message
  5676 | D:12     | Noticed a red ugly thing
  5756 | D:12     | Noticed a two-headed ogre
  5759 | D:12     | Reached skill level 1 in Translocations
  5763 | D:12     | Killed a two-headed ogre
  5771 | D:12     | Identified a scroll of acquirement
  5772 | D:12     | Identified the +2 pair of gloves "Sampaz Aciet" {rN+ Dex+4
                  | Slay+3} (You acquired it on level 12 of the Dungeon)
  5772 | D:12     | Identified the ring of the Komodo Dragon {MR++ Str+2 Slay+3
                  | SInv} (You acquired it on level 12 of the Dungeon)
  5819 | D:12     | XOM: silly message
  5846 | D:12     | Killed a red ugly thing
  6042 | D:12     | Reached skill level 5 in Translocations
  6161 | D:12     | XOM: silly message
  6338 | D:13     | Mutation became permanent: Your natural rate of healing is
                  | unusually fast. [Vine Stalker growth]
  6338 | D:13     | Gained mutation: You heal very quickly. [Vine Stalker
                  | growth]
  6338 | D:13     | Reached XP level 12. HP: 54/56 MP: 12/14
  6415 | D:13     | XOM: torment (35/56 hp)
  6445 | D:13     | Learned a level 5 spell: Irradiate
  6489 | D:13     | XOM: enchant monster (bad)
  6570 | D:13     | Noticed a centaur warrior
  6578 | D:13     | Killed a centaur warrior
  6578 | D:13     | Reached skill level 5 in Spellcasting
  6643 | D:14     | Noticed a centaur warrior
  6649 | D:14     | Killed a centaur warrior
  6679 | D:15     | Entered Level 15 of the Dungeon
  6714 | D:14     | Noticed a two-headed ogre
  6715 | D:14     | Noticed a two-headed ogre
  6735 | D:14     | Killed a two-headed ogre
  6735 | D:14     | XOM: blink monster(s)
  6736 | D:14     | Killed a two-headed ogre
  6861 | D:14     | XOM: blink monster(s)
  6895 | D:14     | Noticed a centaur warrior
  6902 | D:14     | Noticed a fire dragon
  6903 | D:14     | XOM: chaos upgrade
  6906 | D:14     | XOM: torment (38/56 hp)
  7006 | D:9      | XOM: confusion
  7017 | D:9      | Noticed Joseph
  7057 | D:9      | Killed Joseph
  7070 | D:9      | XOM: 1-stop teleportation journey
  7199 | D:4      | Bought a pair of smoking boots for 304 gold pieces
  7209 | D:4      | Identified the +0 pair of boots of Defiance {+Blink} (You
                  | bought it in a shop on level 4 of the Dungeon)
  7277 | D:6      | Killed a ten-headed hydra
  7404 | Lair:1   | Entered Level 1 of the Lair of Beasts
  7419 | Lair:1   | XOM: swap monsters
  7558 | Lair:3   | XOM: summons friendly quasit
  7588 | Lair:3   | Found a hole to the Spider Nest.
  7600 | Lair:3   | XOM: 1-stop teleportation journey
  7601 | Lair:3   | XOM: give mutations
  7601 | Lair:3   | Gained mutation: You are frail. (-10% HP) [Xom's mischief]
  7601 | Lair:3   | Gained mutation: You occasionally shout uncontrollably at
                  | your foes. [Xom's mischief]
  7601 | Lair:3   | Gained mutation: You are partially covered in rugged brown
                  | scales. (AC +1, +3% HP) [Xom's mischief]
  7616 | Lair:3   | Reached XP level 13. HP: 54/54 MP: 26/26
  7641 | Lair:4   | XOM: summons friendly iron imp
  7646 | Lair:4   | Reached skill level 5 in Throwing
  7691 | Lair:3   | XOM: polymorph elephant -> guardian serpent
  7693 | Lair:3   | XOM: butterfly on damage
  7699 | Lair:3   | XOM: divination: detect items
  7702 | Lair:3   | XOM: divination: detect items
  7711 | Lair:3   | XOM: enchant monster (bad)
  7724 | Lair:3   | XOM: confusion (+ monsters)
  7725 | Lair:3   | Upgraded the game from 0.25-a0-857-g60a0bcd8b5 to
                  | 0.25-a0-860-gf695395b5c
  7735 | Lair:3   | XOM: summons 2 friendly demons
  7884 | Lair:3   | Noticed a ghost moth
  7884 | Lair:3   | a seven-headed hydra changed into a ghost moth
  7884 | Lair:3   | XOM: polymorph seven-headed hydra -> ghost moth
  7888 | Lair:3   | Killed a ghost moth
  8217 | Lair:5   | Found a transporter.
  8233 | Lair:5   | Found a dark tunnel.
  8234 | Lair:5   | XOM: 4-stop teleportation journey
  8297 | Lair:5   | Found a transporter.
  8304 | Lair:5   | Noticed Esekla's ghost (journeyman OpWr)
  8329 | Lair:5   | XOM: potion effect (stabbing)
  8333 | Lair:5   | XOM: divination: magic mapping
  8341 | Lair:5   | XOM: confuse monster(s)
  8343 | Lair:5   | Reached skill level 5 in Fighting
  8369 | Volcano  | Entered a volcano
  8391 | Volcano  | XOM: divination: detect creatures
  8413 | Volcano  | XOM: cast spell 'Cause Fear'
  8500 | Volcano  | XOM: stat loss: -1 Int (11/12)
  8628 | Volcano  | Got polished fire dragon scales
  8649 | Volcano  | Identified the +0 fire dragon scales "Locuf" {rF++ rC-
                  | Str+2} (You found it in a volcano)
  8891 | Lair:4   | XOM: give mutations
  8891 | Lair:4   | Gained mutation: You are somewhat resistant to further
                  | mutation. [Xom's mischief]
  8891 | Lair:4   | Lost mutation: Your spells are a little harder to cast, but
                  | a little more powerful. [Xom's mischief]
  8891 | Lair:4   | Lost mutation: You are frail. (-10% HP) [Xom's mischief]
  9055 | Lair:6   | Entered Level 6 of the Lair of Beasts
  9091 | Lair:6   | XOM: potion effect (stabbing)
  9097 | Lair:6   | XOM: smoke on damage
  9201 | Lair:5   | XOM: enchant monster (good)
  9269 | Lair:5   | XOM: god gift: scale mail {god gift}
  9328 | Lair:6   | XOM: polymorph seven-headed hydra -> catoblepas
  9348 | Lair:6   | XOM: enchant monster (good)
  9467 | Lair:6   | XOM: cast spell 'Discord'
  9486 | Lair:6   | XOM: cast spell 'Metabolic Englaciation'
  9489 | Lair:6   | XOM: destruction
  9511 | Lair:6   | Reached XP level 14. HP: 57/77 MP: 24/27
  9564 | Lair:6   | XOM: confuse monster(s)
  9590 | Lair:6   | XOM: 1-stop teleportation journey
  9646 | Lair:6   | Reached skill level 10 in Fighting
  9890 | Lair:6   | XOM: fake destruction
  9940 | Lair:6   | Reached skill level 1 in Evocations
 10243 | Lair:6   | Reached skill level 5 in Evocations
 10273 | Lair:6   | XOM: divination: detect items
 10283 | Lair:6   | Reached skill level 12 in Long Blades
 10320 | Lair:6   | XOM: cleaving
 10343 | Lair:6   | XOM: divine lightning
 10374 | Lair:6   | XOM: cleaving
 10400 | Lair:6   | Got a slimy iron amulet
 10539 | Lair:4   | XOM: god gift: 41 gold pieces
 10653 | Orc:1    | Entered Level 1 of the Orcish Mines
 10710 | Orc:1    | XOM: cloud trail
 10845 | Orc:1    | XOM: divination: detect items
 10919 | Orc:2    | Entered Level 2 of the Orcish Mines
 10919 | Orc:2    | Noticed a stone giant
 10923 | Orc:2    | Killed a stone giant
 10923 | Orc:2    | Reached skill level 13 in Long Blades
 10935 | Orc:2    | Found a roughly hewn altar of Beogh.
 10966 | Orc:1    | XOM: destruction
 11067 | Orc:2    | Found Vavak's Distillery.
 11087 | Orc:2    | Bought a potion of curing for 39 gold pieces
 11087 | Orc:2    | Bought a potion of curing for 39 gold pieces
 11087 | Orc:2    | Bought a potion of curing for 39 gold pieces
 11087 | Orc:2    | Bought a potion of might for 52 gold pieces
 11087 | Orc:2    | Bought 2 potions of might for 104 gold pieces
 11087 | Orc:2    | Bought a potion of magic for 104 gold pieces
 11108 | Orc:2    | Found a roughly hewn altar of Beogh.
 11146 | Orc:2    | Noticed an orc warlord
 11146 | Orc:2    | Reached XP level 15. HP: 64/82 MP: 22/28
 11146 | Orc:2    | XOM: silly message
 11186 | Orc:2    | Killed an orc warlord
 11243 | Orc:2    | Found Ogunon's Armour Shoppe.
 11243 | Orc:2    | Found Weutzip's General Store.
 11249 | Orc:2    | XOM: enchant monster (bad)
 11292 | Orc:2    | Found a roughly hewn altar of Beogh.
 11302 | Orc:2    | Noticed Josephine
 11306 | Orc:2    | Reached skill level 14 in Long Blades
 11310 | Orc:2    | Killed Josephine
 11328 | Orc:2    | XOM: smoke on damage
 11329 | Orc:2    | ._.
 11394 | Orc:2    | XOM: enchant monster (bad)
 11399 | Orc:2    | XOM: chaos upgrade
 11411 | Orc:2    | Found Sesaoh's Distillery.
 11411 | Orc:2    | Found Wivvak's General Store.
 11435 | Orc:2    | Bought a scroll of identify for 28 gold pieces
 11435 | Orc:2    | Identified the amulet of Janooj {Faith +Inv rPois rC+
                  | Int+2} (You found it on level 6 of the Lair of Beasts)
 11470 | Orc:2    | Bought a scroll of teleportation for 39 gold pieces
 11470 | Orc:2    | Bought a scroll of teleportation for 39 gold pieces
 11470 | Orc:2    | Bought a potion of haste for 130 gold pieces
 11521 | Orc:2    | Bought a potion of haste for 140 gold pieces
 11521 | Orc:2    | Bought a potion of curing for 42 gold pieces
 11521 | Orc:2    | Bought a scroll of fog for 28 gold pieces
 11530 | Orc:2    | Bought a potion of resistance for 120 gold pieces
 11530 | Orc:2    | Bought a potion of might for 48 gold pieces
 11530 | Orc:2    | Bought a potion of resistance for 120 gold pieces
 11537 | Orc:2    | XOM: give mutation
 11537 | Orc:2    | Gained mutation: You are partially covered in thin metallic
                  | scales. (AC +2) [Xom's mischief]
 11609 | Lair:2   | XOM: 3-stop teleportation journey
 11671 | Lair:4   | Found a staircase to the Shoals.
 11692 | Shoals:1 | Entered Level 1 of the Shoals
 11760 | Shoals:1 | Found a runed translucent door.
 11820 | Shoals:1 | XOM: enchant monster (bad)
 11897 | Shoals:1 | Noticed Coet Xia's ghost (adept MiBe)
 11907 | Shoals:1 | You fall into a shaft and drop 1 floor!
 11919 | Shoals:2 | XOM: smoke on damage
 11941 | Shoals:2 | XOM: divination: detect items
 11945 | Shoals:2 | You fall into a shaft and drop 1 floor!
 11946 | Shoals:3 | Noticed Ilsuiw
 11946 | Shoals:3 | ._.
 11947 | Shoals:3 | Noticed Louise
 11971 | Shoals:3 | XOM: enchant monster (bad)
 12067 | Shoals:3 | XOM: enchant monster (good)
 12071 | Shoals:3 | Reached skill level 15 in Long Blades
 12123 | Shoals:3 | XOM: confuse monster(s)
 12125 | Shoals:3 | Noticed Polyphemus
 12140 | Shoals:3 | XOM: silly message
 12142 | Shoals:3 | XOM: enchant monster (good)
 12144 | Shoals:3 | XOM: enchant monster (good)
 12173 | Shoals:3 | XOM: enchant monster (bad)
 12177 | Shoals:3 | Killed Ilsuiw
 12177 | Shoals:3 | Identified the +6 morningstar of Kenit {protect, rN+}
 12185 | Shoals:3 | Hit by a large rock thrown by Polyphemus

Levels and vault maps discovered:
D:1:      minmay_arrival_solitary_statue, layout_loops_cross
D:2:      layout_basic
D:3:      layout_loops_corners, chequers_temple_overflow_minitemple
D:4:      layout_layer_cave, minmay_temple_entry_metal_lava, serial_shops,
          kennysheep_little_box
D:5:      layout_basic, lemuel_blue_sif_altar, first_ration, trog_wizard,
          uniq_menkaure, uniq_blork_the_orc, uniq_eustachio
D:6:      layout_loops_ring, serial_shops, nicolae_shop_trees
D:7:      layout_cave_pools, nemelex_xobeh_ov_fountains_minmay,
          old_standard_altar, lemuel_doored_altar, serial_shops, shop,
          nicolae_dithmenos_shadow_blocks
D:8:      kennysheep_windowed_halls, layout_basic,
          nicolae_overflow_crystal_walls, dpeg_oklobed_lair, serial_shops,
          kennysheep_mini, enter_ossuary_2
D:9:      layout_loops_cross, serial_shops, shop, david_nohive_1, uniq_erolcha,
          uniq_joseph, uniq_erica, uniq_harold
D:10:     layout_rooms, serial_co_window_serial, co_window_paths_a,
          co_window_paths_a, co_window_paths_a, co_window_corner_a,
          co_window_paths_a, co_window_paths_c, co_window_corner_b,
          co_window_broadway_a, co_window_broadway_b, co_window_4corner_a,
          co_window_4corner_b, enter_bailey_2, serial_shops, shop,
          uniq_nergalle, uniq_urug, uniq_grum, uniq_snorg
D:11:     layout_grid_maze
D:12:     layout_long_grid, drop_trap, hangedman_decor_opposing,
          kennysheep_generic_room_5
D:13:     layout_roguey
D:14:     layout_small_grid, david_vaults_5, hangedman_abyss_or_decor_passed
D:15:     grunt_enter_depths_hoard, layout_irregular_city,
          minmay_misc_feat_doors, moated_statue, chequers_serial_rivers_micro_c,
          minmay_guarded_unrand_skullcrusher, uniq_azrael
Lair:1:   layout_loops_ring
Lair:2:   layout_layer_cave, gammafunk_ghost_cemetery
Lair:3:   layout_big_grid, spider_nest_entry_web_field
Lair:4:   layout_misc_corridors, elwin_shoals_entry_rooms, serial_bayou_ford_a,
          chequers_serial_rivers_small_a
Lair:5:   layout_cave_pods, dpeg_slime_entry_enclosed_altar,
          gammafunk_ghost_arena, nicolae_volcano_entry_lava_flow
Lair:6:   evilmike_catoblepas_cave, layout_loops_ring, st_stairs_13
Shoals:1: layout_shoals, gammafunk_ghost_grave, nicolae_shoals_mertower
Shoals:2: layout_shoals
Shoals:3: layout_shoals, uniq_polyphemus, uniq_ilsuiw, uniq_louise
Orc:1:    layout_caves, serial_shops, nicolae_orc_lava_tube,
          elves_outpost_lemuel
Orc:2:    st_orc_town, layout_caves, basic_altar, serial_shops, shop,
          mines2_david, uniq_josephine

Skill      XL: |  1  2  3  4  5  6  7  8  9 10 11 12 13 14 15 |
---------------+----------------------------------------------+-----
Long Blades    | 3 4 5 6 7 8 10 11 13 15 | 15.0
Dodging        | 5 8 |  8.2
Shields        | 4 |  4.0
Conjurations   | 1 |  1.0
Air Magic      | 2 |  2.8
Poison Magic   | 2 |  2.5
Armour         | 2 5 |  5.6
Translocations | 6 |  6.3
Spellcasting   | 8 |  8.2
Throwing       | 4 6 |  6.5
Fighting       | 9 10 | 10.0
Evocations     | 5 6 |  6.5

Action                   |  1- 3 |  4- 6 |  7- 9 | 10-12 | 13-15 || total
-------------------------+-------+-------+-------+-------+-------++-------
Melee: Falchion          |    41 |    44 |   281 |   165 |       ||   531
       Bite              |    12 |    21 |    94 |   149 |   233 ||   509
       Headbutt          |       |       |       |    94 |   166 ||   260
       Double sword      |       |       |       |   223 |   582 ||   805
 Fire: Shortbow          |       |       |     3 |       |       ||     3
Throw: Dart              |       |       |       |     7 |    11 ||    18
       Javelin           |       |       |       |     5 |    45 ||    50
       Boomerang         |       |       |       |     5 |       ||     5
       Throwing net      |       |       |       |     1 |     1 ||     2
 Cast: Mephitic Cloud    |       |       |       |    11 |     1 ||    12
       Blink             |       |       |       |     2 |    16 ||    18
 Abil: Evoke Invisibilit |       |       |       |       |     3 ||     3
Evoke: Wand              |       |       |       |     7 |    14 ||    21
  Use: Potion            |     1 |       |       |     8 |     6 ||    15
       Scroll            |     5 |     2 |     7 |    18 |    16 ||    48
 Stab: Sleeping          |     2 |       |       |     4 |     9 ||    15
       Paralysed         |       |       |     1 |     2 |     4 ||     7
       Petrifying        |       |       |     1 |       |     1 ||     2
       Confused          |       |       |       |     9 |       ||     9
       Petrified         |       |       |       |       |     5 ||     5
       Invisible         |       |       |       |       |     2 ||     2
  Eat: Chunk             |       |     2 |     4 |    18 |    16 ||    40
       Ration            |       |       |     1 |       |       ||     1
Armor: Leather armour    |    12 |     7 |    48 |    38 |       ||   105
       Steam dragon scal |       |       |       |    33 |    45 ||    78
       Fire dragon scale |       |       |       |       |   120 ||   120
Dodge: Dodged            |    23 |    21 |   121 |   313 |   335 ||   813
Block: Buckler           |       |       |    13 |    95 |   136 ||   244
       Rpst.: Falchion   |    12 |    10 |    45 |    39 |       ||   106
       Double sword      |       |       |       |    37 |    67 ||   104

Table legend:
 A = Non-vault XP
 B = Vault XP
 C = Vault XP percentage of total XP
 D = Non-vault monster count
 E = Vault monster count
 F = Vault count percentage of total count
                 A         B        C        D         E       F
            +---------+---------+-------+---------+---------+-------
      Total |   70359 |   43754 |  38.3 |     425 |     234 |  35.5
            +---------+---------+-------+---------+---------+-------
        D:1 |      26 |       0 |   0.0 |      13 |       0 |   0.0
        D:2 |      52 |       0 |   0.0 |      11 |       0 |   0.0
        D:3 |       6 |       0 |   0.0 |       3 |       0 |   0.0
        D:4 |     317 |       0 |   0.0 |      22 |       0 |   0.0
        D:5 |     488 |     474 |  49.3 |      14 |       3 |  17.6
        D:6 |    1503 |       0 |   0.0 |      15 |       0 |   0.0
        D:7 |    1076 |       0 |   0.0 |      22 |       0 |   0.0
        D:8 |     937 |    1037 |  52.5 |      17 |      15 |  46.9
        D:9 |     719 |    1845 |  72.0 |      12 |      12 |  50.0
       D:10 |    1264 |    3305 |  72.3 |      14 |       6 |  30.0
       D:11 |     396 |       0 |   0.0 |       2 |       0 |   0.0
       D:12 |    3795 |     511 |  11.9 |      31 |       4 |  11.4
       D:13 |    4260 |       0 |   0.0 |      25 |       0 |   0.0
       D:14 |    5739 |       0 |   0.0 |      21 |       0 |   0.0
     Lair:1 |     684 |       0 |   0.0 |       2 |       0 |   0.0
     Lair:3 |    6346 |       0 |   0.0 |      20 |       0 |   0.0
     Lair:4 |    1702 |     419 |  19.8 |       8 |       1 |  11.1
     Lair:5 |    4241 |    1194 |  22.0 |      18 |       2 |  10.0
     Lair:6 |   14115 |   12255 |  46.5 |      50 |      24 |  32.4
   Shoals:1 |    5554 |     274 |   4.7 |      10 |       1 |   9.1
   Shoals:2 |    1522 |       0 |   0.0 |       3 |       0 |   0.0
   Shoals:3 |    6745 |    4279 |  38.8 |      15 |       5 |  25.0
      Orc:1 |    3378 |    3494 |  50.8 |      26 |       6 |  18.8
      Orc:2 |    5494 |    6868 |  55.6 |      51 |      69 |  57.5
    Ossuary |       0 |     343 | 100.0 |       0 |      39 | 100.0
     Bailey |       0 |    2063 | 100.0 |       0 |      37 | 100.0
    Volcano |       0 |    5393 | 100.0 |       0 |      10 | 100.0
            +---------+---------+-------+---------+---------+-------
